 Dungeon Sprint DCSS version 0.31-a0-986-g5e6e4ef867 (webtiles) character file.

Game seed: 86300043294183667

5 rocky1 the Spear-Bearer (level 5, -3/42 HPs)
             Began as a Merfolk Gladiator on Nov 24, 2023.
             Slain by an orc warrior
             ... wielding a +0 mace
              (13 damage)
             ... in the Dungeon (Sprint VI: "Thunderdome").
             The game lasted 00:02:21 (342 turns).

rocky1 the Spear-Bearer (Merfolk Gladiator)          Turns: 342, Time: 00:02:22

Health: -3/42      AC:  4    Str: 28    XL:     5   Next: 35%
Magic:  14/14      EV: 17    Int:  8    God:
Gold:   30         SH:  0    Dex: 17    Spells: 4/4 levels left

rFire   . . .        a - +0 trident
rCold   . . .        (no shield)
rNeg    . . .        b - +0 leather armour
rPois   .            c - +0 helmet
rElec   +            (no cloak)
rCorr   .            (no gloves)
SInv    .            (no boots)
Will    .....        q - amulet "Neatizy" {Faith rElec Dex+2}
Stlth   +            s - ring of Uteamico {Wiz Str+8}
HPRegen 0.27/turn    r - ring of the Kodama {MP+9 Str+4}
MPRegen 0.14/turn

%: no teleportation, faith, wizardry (x1)
@: no status effects
A: (nimble swimmer 2), mertail
a: no special abilities


You were in the Dungeon.
You visited 1 branch You collected 210 gold pieces.
You spent 180 gold pieces at shops.

Inventory:

Hand Weapons
 a - a +0 trident (weapon)
Missiles
 d - 3 throwing nets (quivered)
 e - a javelin
Armour
 b - a +0 leather armour (worn)
 c - a +0 helmet (worn)
Jewellery
 p - the ring "Piloil" {Fire Str+3 Dex+3}
   (You bought it in a shop in the Dungeon)

   [ring of fire]

   Fire:      It enhances your fire magic.
   Str+3:     It affects your strength (+3).
   Dex+3:     It affects your dexterity (+3).
   rF+:       It protects you from fire.
   rC-:       It makes you vulnerable to cold.
 q - the amulet "Neatizy" (around neck) {Faith rElec Dex+2}
   (You bought it in a shop in the Dungeon)

   [amulet of faith]

   Faith:     It allows you to gain divine favour quickly.
   Dex+2:     It affects your dexterity (+2).
   rElec:     It insulates you from electricity.
 r - the ring of the Kodama (right hand) {MP+9 Str+4}
   (You bought it in a shop in the Dungeon)

   [ring of magical power]

   Str+4:     It affects your strength (+4).
   MP+9:      It affects your magic capacity (+9).
 s - the ring of Uteamico (left hand) {Wiz Str+8}
   (You bought it in a shop in the Dungeon)

   [ring of wizardry]

   Wiz:       It improves your spell success rate.
   Str+8:     It affects your strength (+8).
Wands
 m - a wand of quicksilver (5)
 n - a wand of iceblast (5)
Scrolls
 k - 4 scrolls of blinking
 o - 3 scrolls of fog
Potions
 g - 4 potions of heal wounds
 h - 4 potions of haste
 i - 2 potions of magic
 j - a potion of berserk rage
 l - a potion of resistance


   Skills:
 + Level 4.2 Fighting
 + Level 9.8 Polearms
 - Level 2.7 Throwing
 + Level 1.3 Armour
 + Level 9.2 Dodging


You had 4 spell levels left.
You didn't know any spells.
Your spell library was empty.

Dungeon Overview and Level Annotations

Branches:
Dungeon (1/1)

Altars:
Cheibriados
Dithmenos
Fedhas
Gozag
Kikubaaqudgha
Makhleb
Okawaru
Qazlal
Ru
Sif Muna
Trog
Uskayaw
Vehumet
Wu Jian
Xom
Yredelemnul
Zin
The Shining One
Lugonu

Shops:
D *[=??*?*:[((!!!!


Innate Abilities, Weirdness & Mutations

((You are very nimble when in or above water. (Stealth+, EV+, Speed+++)))
Your lower body shifts to a powerful aquatic tail in water.


Message History

The orc wizard gestures at you while chanting.
You resist with some effort.
Blork the orc hits you from afar with a +0 trident.
You reach to attack!
You puncture Blork the orc!
Blork the orc is almost dead.
Blork the orc hits you from afar with a +0 trident!
You reach to attack!
You puncture Blork the orc!
You kill Blork the orc!
An orc comes into view. It is wielding a +0 mace.
Your Fighting skill increases to level 4!
Your Polearms skill increases to level 9!
Your Armour skill increases to level 1!
Your Dodging skill increases to level 9!
You have reached level 5!
You feel clever.
Unknown command.
The orc shouts!
You hit the orc warrior but do no damage.
The orc warrior closely misses you.
You barely miss the orc warrior. The orc warrior misses you.
You completely miss the orc warrior. You hit the orc warrior.
The orc warrior is lightly wounded.
The orc warrior hits you with a +0 mace.
You hit the orc warrior.
The orc warrior is moderately wounded.
The orc wizard casts a spell at you.
You are confused.
The orc warrior hits you with a +0 mace!
You are too injured to fight recklessly!
You are too injured to fight recklessly!
You are too injured to fight recklessly!
You miss the orc warrior.
The orc warrior is moderately wounded.
The orc warrior hits you with a +0 mace!
* * * LOW HITPOINT WARNING * * *
You feel better.
The orc wizard hits you but does no damage.
The orc warrior hits you with a +0 mace!
You die...

#∩.......∩# #_......._#
#_........# #_......._#
###.........###
#⌠...........⌠#
######)8.........8.#####
##∩_._.o....###......___∩
###∩.....o@.8.# #.8........
##.........o)..###..........
#⌠....).....###...###.......
#⌠..........# #.<.# #.......
#⌠..........###...###.......
##.............###..........
###∩........8.# #.8........
##∩___......###......___∩
######.8.........8.###


You could see an orc warrior, an orc wizard and an orc.

Vanquished Creatures
  Blork the orc (D)
  2 jellies (D)
  An orc wizard (D)
  An orc (D)
  2 endoplasms (D)
7 creatures vanquished.

Notes
Turn   | Place    | Note
-------+----------+-------------------------------------------
     0 | D        | rocky1 the Merfolk Gladiator began the quest for the Orb.
     0 | D        | Reached XP level 1. HP: 16/16 MP: 1/1
     4 | D        | Found a basalt altar of Yredelemnul.
     4 | D        | Found a shimmering blue altar of Sif Muna.
     5 | D        | Found an opulent altar of Gozag.
     5 | D        | Round 1.
     6 | D        | Found a sacrificial altar of Ru.
     6 | D        | Found a bloodstained altar of Trog.
     7 | D        | Found Kib Ceng's Timeless Talismans.
     7 | D        | Found a snail-covered altar of Cheibriados.
     7 | D        | Found an ornate altar of the Wu Jian Council.
     7 | D        | Found Daima's Identification Station.
     8 | D        | Found Leugedi's Jewellery.
     8 | D        | Found Moruuqu's Advanced Armour.
    17 | D        | Bought a crude amber ring for 45 gold pieces
    17 | D        | Identified the ring "Piloil" {Fire Str+3 Dex+3} (You bought
                  | it in a shop in the Dungeon)
    17 | D        | Bought a glittering pewter amulet for 45 gold pieces
    17 | D        | Identified the amulet "Neatizy" {Faith rElec Dex+2} (You
                  | bought it in a shop in the Dungeon)
    17 | D        | Bought a brightly glowing bone ring for 45 gold pieces
    17 | D        | Identified the ring of the Kodama {MP+9 Str+4} (You bought
                  | it in a shop in the Dungeon)
    24 | D        | Bought a crude wooden ring for 45 gold pieces
    24 | D        | Identified the ring of Uteamico {Wiz Str+8} (You bought it
                  | in a shop in the Dungeon)
    28 | D        | Noticed a jelly
    31 | D        | Found an iron altar of Okawaru.
    32 | D        | Found Vuxed's Magic Scroll Shop.
    34 | D        | Killed a jelly
    35 | D        | Reached XP level 2. HP: 23/23 MP: 2/2
    35 | D        | Reached XP level 3. HP: 28/28 MP: 2/3
    36 | D        | Found a glowing golden altar of the Shining One.
    36 | D        | Found a hide-covered altar of Uskayaw.
    36 | D        | Found Etups's Staff Store.
    38 | D        | Found Wich's Magic Scroll Shop.
    38 | D        | Found Tihecw's Must-Have Magic.
    42 | D        | Found an ancient bone altar of Kikubaaqudgha.
    43 | D        | Found a radiant altar of Vehumet.
    90 | D        | Found a blossoming altar of Fedhas.
    91 | D        | Found a shimmering altar of Xom.
    92 | D        | Found a glowing silver altar of Zin.
    93 | D        | Found a corrupted altar of Lugonu.
    93 | D        | Found a shadowy altar of Dithmenos.
    93 | D        | Found Acakiede's Weapon Rack.
    93 | D        | Found Furhif's Premium Goods.
   110 | D        | Found a burning altar of Makhleb.
   110 | D        | Found Jatzil's Basic Armour.
   110 | D        | Found Dikupn's Miscellaneous Merchandise.
   170 | D        | Found a stormy altar of Qazlal.
   170 | D        | Found Kean Ugh's Distillery.
   170 | D        | Found Upronl Ycug's Distillery.
   171 | D        | Found Qasenud's Bottled Wisdom.
   172 | D        | Found Soisiett's Do-It-Yourself Clinic.
   183 | D        | Reached XP level 4. HP: 14/35 MP: 4/4
   194 | D        | Arena points: 5 (+5) [x1]
   209 | D        | Round 2.
   328 | D        | Noticed an orc warrior
   329 | D        | Noticed Blork the orc
   335 | D        | Killed Blork the orc
   336 | D        | Reached skill level 1 in Armour
   336 | D        | Reached XP level 5. HP: 27/42 MP: 5/5
   342 | D        | Slain by an orc warrior

Illustrated notes

Levels and vault maps discovered:
D:        arena_sprint

Skill      XL: |  1  2  3  4 |
---------------+-------------+-----
Polearms       | 6 7 9 |  9.8
Dodging        | 6 7 9 |  9.2
Fighting       | 3 4 |  4.2
Armour         | 1 |  1.3
Throwing       | |  2.7

Action                     |  1- 3 |  4- 6 || total
---------------------------+-------+-------++-------
  Melee: Trident           |    15 |    17 ||    32
    Use: Potion            |       |     1 ||     1
 Armour: Leather armour    |     2 |     9 ||    11
  Dodge: Dodged            |     6 |     4 ||    10

Table legend: (Time is in decaauts)
 A = Elapsed time spent in this place.
 B = Non-inter-level travel time spent in this place.
 C = Inter-level travel time spent in this place.
 D = Time resting spent in this place.
 E = Time spent auto-exploring this place.
 F = Levels seen in this place.
 G = Mean time per level.
                   A        B        C        D        E       F      G
               +--------+--------+--------+--------+--------+-----+--------+
         Total |    337 |    337 |      0 |     89 |    114 |   1 |  337.0 |
       Dungeon |    337 |    337 |      0 |     89 |    114 |   1 |  337.0 |
               +--------+--------+--------+--------+--------+-----+--------+

Top non-repeatable levels by time:
       D: 337 daAuts
